 Dungeon Crawl Stone Soup version 0.31-a0-188-g5e087ee2ca (webtiles) character file.

Game seed: 15851669011153642267

65 qw the Shooter (level 3, -4/20 HPs)
             Began as a Deep Elf Hunter on June 23, 2023.
             Slain by a gnoll
             ... wielding a +0 whip
              (5 damage)
             ... on level 2 of the Dungeon.
             The game lasted 00:00:25 (1023 turns).

qw the Shooter (Deep Elf Hunter)                    Turns: 1023, Time: 00:00:26

Health: -4/20      AC:  3    Str: 10    XL:     3   Next: 94%
Magic:  5/5        EV: 12    Int: 13    God:
Gold:   73         SH:  0    Dex: 18    Spells: 2/2 levels left

rFire   . . .        Y - +0 shortbow (drain)
rCold   . . .        (shield currently unavailable)
rNeg    . . .        c - +0 leather armour
rPois   .            (no helmet)
rElec   .            (no cloak)
rCorr   .            (no gloves)
SInv    .            (no boots)
Will    .....        (no amulet)
Stlth   ++           (no ring)
HPRegen 0.23/turn    (no ring)
MPRegen 0.09/turn

%: no passive effects
@: no status effects
A: no striking features
a: no special abilities


You were on level 2 of the Dungeon.
You visited 1 branch of the dungeon, and saw 2 of its levels.

You collected 73 gold pieces.


   Skills:
 - Level 1.5 Fighting
 + Level 7.4 Ranged Weapons
 - Level 2.4 Dodging
 - Level 1.2 Stealth


You had 2 spell levels left.
You didn't know any spells.
Your spell library was empty.

Inventory:

Hand Weapons
 Y - a +0 shortbow of draining (weapon)
Armour
 c - a +0 leather armour (worn)
 f - a scarf of shadows
Scrolls
 a - 3 scrolls of identify {unknown}
 d - a scroll of poison {unknown}
 e - a scroll of noise {unknown}
Potions
 b - a potion of mutation {unknown}
 g - a potion of attraction {unknown}

Dungeon Overview and Level Annotations

Branches:
Dungeon (2/15)

Altars:


Message History

A gnoll comes into view. It is wielding a +0 whip.
The gnoll moves out of view.
Terence and 2 gnolls come into view.
Found an escape hatch in the ceiling.
The gnoll shouts! x2
Enter note:
Enter note:
Enter note:
Enter note:
Enter note:
Enter note:
Enter note:
Enter note:
Enter note: You shoot an arrow.
The arrow hits Terence but does no damage.
Terence is lightly wounded.
Terence misses you.
You shoot an arrow. The arrow barely misses Terence.
The arrow hits the gnoll.
The gnoll is lightly wounded.
Terence barely misses you.
You shoot an arrow. The arrow hits Terence.
Terence is heavily wounded.
Terence closely misses you.
You shoot an arrow. The arrow barely misses Terence.
The arrow hits the gnoll.
The gnoll is lightly wounded.
Terence hits you with a +0 mace!
The gnoll hits you from afar with a +0 halberd.
You shoot an arrow. The arrow closely misses Terence.
The arrow hits the gnoll.
You drain the gnoll.
The gnoll is severely wounded.
Terence misses you. The gnoll misses you. The gnoll hits you with a +0 whip.
You shoot an arrow. The arrow hits Terence!
Terence is almost dead.
Terence hits you with a +0 mace. The gnoll barely misses you.
The gnoll hits you with a +0 whip.
You shoot an arrow. The arrow hits Terence!
You kill Terence!
The gnoll hits you with a +0 whip.
You die...

#...##........#....###
#...##.......###..## #
#.%.....>.....#....###
#.####.#.......###..#.
#..>...########.#.##.#
#.####... ##)###.# #.#
.# ### #.#
#.####.#####. #.#
#....@gg..... ..#
######)...... ###
.g#..#. # <...... #
#.... . #### .#....
#... .##.#. #.## .. ..
#.## #.##


You could see 3 gnolls.

Vanquished Creatures
  Terence (D:2)
  An adder (D:2)
  A worm (D:2)
  3 dart slugs
  6 bats
  4 endoplasms
  4 giant cockroaches
  A goblin (D:2)
  3 hobgoblins (D:1)
  3 jackals (D:2)
  A kobold (D:2)
  5 quokkas
  6 ball pythons
  A frilled lizard (D:1)
  A rat (D:1)
41 creatures vanquished.

Notes
Turn   | Place    | Note
-------+----------+-------------------------------------------
     0 | D:1      | qw the Deep Elf Hunter began the quest for the Orb.
     0 | D:1      | Reached XP level 1. HP: 12/12 MP: 3/3
     0 | D:1      | 0 ||| qw: Version: 0.3-a-9-g12657ce
     0 | D:1      | 0 ||| qw: Game counter: 3107
     0 | D:1      | 0 ||| qw: Always use a shield: true
     0 | D:1      | 0 ||| qw: God list: Okawaru
     0 | D:1      | 0 ||| qw: Allow faded altars: false
     0 | D:1      | 0 ||| qw: Do Orc after D:15 true
     0 | D:1      | 0 ||| qw: Do second Lair branch before Depths: true
     0 | D:1      | 0 ||| qw: Lair rune preference: random
     0 | D:1      | 0 ||| qw: Plans: Normal
     0 | D:1      | 0 ||| PLANNING D:1-11
   177 | D:1      | Reached XP level 2. HP: 16/16 MP: 4/4
   179 | D:1      | Reached skill level 6 in Ranged Weapons
   508 | D:1      | 508 ||| READING scroll labelled TUV ESANIUTRAO.
   509 | D:1      | 509 ||| READING scroll labelled QAR BADYTECVOH.
   510 | D:1      | 510 ||| READING scroll labelled ORRACI NEEF.
   511 | D:1      | 511 ||| DROPPING scroll of butterflies.
   576 | D:2      | Reached XP level 3. HP: 20/20 MP: 5/5
   750 | D:2      | Reached skill level 7 in Ranged Weapons
  1013 | D:2      | Noticed Terence
  1022 | D:2      | HP: 1/20 [gnoll/+0 whip (5)]
  1023 | D:2      | Killed Terence
  1023 | D:2      | Slain by a gnoll

Levels and vault maps discovered:
D:1:      nzn_arrival_crosshair, layout_basic
D:2:      layout_loops_cross, uniq_terence

Skill      XL: |  1  2  3 |
---------------+----------+-----
Ranged Weapons | 6 7 |  7.4
Fighting       | |  1.5
Dodging        | |  2.4
Stealth        | |  1.2

Action                     || total
---------------------------++-------
   Fire: Shortbow          ||    97
    Use: Scroll            ||     3
 Armour: Leather armour    ||     4
  Dodge: Dodged            ||    12

Table legend:
 A = Non-vault XP
 B = Vault XP
 C = Vault XP percentage of total XP
 D = Non-vault monster count
 E = Vault monster count
 F = Vault count percentage of total count
                 A         B        C        D         E       F
            +---------+---------+-------+---------+---------+-------
      Total |      94 |      32 |  25.4 |      40 |       1 |   2.4
            +---------+---------+-------+---------+---------+-------
        D:1 |      38 |       0 |   0.0 |      20 |       0 |   0.0
        D:2 |      56 |      32 |  36.4 |      20 |       1 |   4.8
            +---------+---------+-------+---------+---------+-------
